 Dungeon Sprint DCSS version 0.21.1-1-g345015f (webtiles) character file.

2200000 Fang the Axe Maniac (level 18, -14/179 HPs)
             Began as a Demonspawn Gladiator on May 31, 2018.
             Was an Elder of Makhleb.
             Demolished by a large bag of meat
             ... wielding a +9 giant spiked club
              (29 damage)
             ... in the Dungeon (Sprint VIII: "Arena of Blood").
             The game lasted 00:00:55 (22 turns).

Fang the Axe Maniac (Demonspawn Gladiator)            Turns: 22, Time: 00:00:56

Health: -14/179    AC:  7    Str: 22    XL:     18   Next: 8%
Magic:  18/18      EV: 30    Int: 11    God:    Makhleb [****..]
Gold:   0          SH:  0    Dex: 14    Spells: 17/17 levels left

rFire    + . .     SeeInvis .   l - +∞ Axe of Woe
rCold    . . .     Gourm    .   (shield currently unavailable)
rNeg     . . .     Faith    .   b - +0 leather armour
rPois    .         Spirit   .   (helmet unavailable)
rElec    .         Reflect  .   (no cloak)
rCorr    .         Harm     .   (no gloves)
MR       +....     NoTele   +   (no boots)
Stlth    +.........             (no amulet)
HPRegen  7.39/turn              (no ring)
MPRegen  0.16/turn              (no ring)

@: no status effects
A: horns 3, icy blue scales 2, fire resistance 1, powered by death 3, flame
cloud immunity
a: Minor Destruction, Lesser Servant of Makhleb, Major Destruction, Renounce
Religion


You were in the Dungeon.
You worshipped Makhleb.
Makhleb was greatly pleased with you.
You were not hungry.

You visited 1 branch

Inventory:

Hand Weapons
 a - a +0 war axe
 l - the +∞ Axe of Woe (weapon)
   (You found it in the Dungeon)
Missiles
 d - 3 throwing nets (quivered)
Armour
 b - a +0 leather armour (worn)
 c - a +0 helmet
Scrolls
 k - a scroll of blinking
Potions
 e - a potion of curing
 g - a potion of heal wounds
 h - a potion of haste
 i - 2 potions of magic
 j - a potion of berserk rage
Comestibles
 f - a ration


   Skills:
 + Level 26.2 Fighting
 O Level 27 Axes
 + Level 22.7 Throwing
 + Level 13.2 Armour
 O Level 27 Dodging


You had 17 spell levels left.
You didn't know any spells.

Dungeon Overview and Level Annotations

Branches:
Dungeon (1/1)

Altars:
Makhleb


Innate Abilities, Weirdness & Mutations

You have a pair of large horns on your head.
You are mostly covered in icy blue scales. (AC +3)
Your flesh is heat resistant. (rF+)
You regenerate a lot of health from kills.
You are immune to clouds of flame.


Message History

Unknown command.
The bag of meat shouts!
You hear a shout! x3
The large bag of meat hits you with a +9 giant spiked club!!! x2
You hear a shout! x7
The meat berserker rages.
You hear a shout! x4
Items here: )) == †† Unknown command.
You are too injured to fight recklessly!
Unknown command.
You are too injured to fight recklessly!
Unknown command.
You are too injured to fight recklessly!
Unknown command.
A meat berserker comes into view. It is wielding a +9 battleaxe.
The meat berserker shouts!
You hear a shout! x3
The large bag of meat hits you with a +9 giant spiked club!!!
* * * LOW HITPOINT WARNING * * *
The large bag of meat hits you with a +9 giant spiked club!!
You die...

........###......
.#........_......
.......#.....# .
.......#_.<._# ..
.....O.#)....#..O
.#......)._......
......)..###......
...###.).....###.
.. #§§@....#
#§§O....#
oo.§§........
...o...........
................
.........o....##
....#........#O.
.............#o.


You could see a large bag of meat (inner flame), 3 meat berserkers and 5 bags of
meat.

Vanquished Creatures
  An ogre (D)
  A two-headed ogre (D)
  12 orcs (D)
14 creatures vanquished.

Notes
Turn   | Place    | Note
-------+----------+-------------------------------------------
     0 | D        | Found the +∞ Axe of Woe
     0 | D        | Fang the Demonspawn Gladiator began the quest for the Orb.
     0 | D        | Reached XP level 1. HP: 16/16 MP: 1/1
     3 | D        | Noticed a bag of meat
     4 | D        | Became a worshipper of Makhleb the Destroyer
     5 | D        | Noticed a bag of meat
     5 | D        | Killed a bag of meat
     5 | D        | Reached skill level 10 in Fighting
     5 | D        | Gained mutation: Your flesh is heat resistant. (rF+) [demonic ancestry]
     5 | D        | Reached XP level 2. HP: 36/36 MP: 2/2
     5 | D        | Reached XP level 3. HP: 42/42 MP: 3/3
     5 | D        | Gained mutation: You have a pair of small horns on your head. [demonic ancestry]
     5 | D        | Reached XP level 4. HP: 48/48 MP: 4/4
     5 | D        | Gained mutation: You have a pair of horns on your head. [demonic ancestry]
     5 | D        | Reached XP level 5. HP: 54/54 MP: 5/5
     5 | D        | Gained mutation: You are partially covered in icy blue scales. (AC +2) [demonic ancestry]
     5 | D        | Reached XP level 6. HP: 61/61 MP: 6/6
     5 | D        | Reached XP level 7. HP: 67/67 MP: 7/7
     5 | D        | Gained mutation: You have a pair of large horns on your head. [demonic ancestry]
     5 | D        | Reached XP level 8. HP: 73/73 MP: 8/8
     5 | D        | Gained mutation: You regenerate a little health from kills. [demonic ancestry]
     5 | D        | Reached XP level 9. HP: 79/79 MP: 9/9
     5 | D        | Reached XP level 10. HP: 86/86 MP: 10/10
     5 | D        | Gained mutation: You are immune to clouds of flame. [demonic ancestry]
     5 | D        | Reached XP level 11. HP: 92/92 MP: 11/11
     7 | D        | Noticed a bag of meat
     9 | D        | Killed a bag of meat
     9 | D        | Reached * piety under Makhleb
     9 | D        | Reached skill level 10 in Throwing
     9 | D        | Reached XP level 12. HP: 102/102 MP: 12/12
    10 | D        | Noticed a bag of meat
    11 | D        | Noticed a bag of meat
    11 | D        | Noticed a bag of meat
    11 | D        | Noticed a bag of meat
    12 | D        | Noticed a meat berserker
    12 | D        | Noticed a bag of meat
    12 | D        | Noticed a bag of meat
    12 | D        | Noticed a bag of meat
    13 | D        | Noticed a large bag of meat
    13 | D        | Noticed a bag of meat
    13 | D        | Noticed a bag of meat
    13 | D        | Noticed a large bag of meat
    14 | D        | Noticed a bag of meat
    14 | D        | Noticed a bag of meat
    14 | D        | Killed a bag of meat
    14 | D        | Gained mutation: You are mostly covered in icy blue scales. (AC +3) [demonic ancestry]
    14 | D        | Reached XP level 13. HP: 111/111 MP: 13/13
    14 | D        | Killed a bag of meat
    14 | D        | Gained mutation: You regenerate health from kills. [demonic ancestry]
    14 | D        | Reached XP level 14. HP: 120/120 MP: 14/14
    15 | D        | Noticed a bag of meat
    16 | D        | Killed a bag of meat
    16 | D        | Reached ** piety under Makhleb
    17 | D        | Noticed a bag of meat
    18 | D        | Killed a meat berserker
    18 | D        | Gained mutation: You regenerate a lot of health from kills. [demonic ancestry]
    18 | D        | Reached XP level 15. HP: 59/131 MP: 15/15
    18 | D        | Reached *** piety under Makhleb
    18 | D        | Reached skill level 15 in Throwing
    18 | D        | Reached XP level 16. HP: 141/141 MP: 16/16
    18 | D        | Reached skill level 27 in Axes
    18 | D        | Reached skill level 5 in Armour
    19 | D        | Killed a large bag of meat
    19 | D        | Reached skill level 27 in Dodging
    19 | D        | Reached XP level 17. HP: 158/158 MP: 17/17
    19 | D        | Reached skill level 10 in Armour
    20 | D        | Noticed a meat berserker
    20 | D        | Reached **** piety under Makhleb
    20 | D        | Reached XP level 18. HP: 179/179 MP: 18/18
    22 | D        | Noticed a meat berserker
    22 | D        | Demolished by a large bag of meat

Skill      XL: |  1  2  3  4  5  6  7  8  9 10 11 12 13 14 15 16 17 |
---------------+----------------------------------------------------+-----
Fighting       | 10 12 13 14 16 17 21 26 | 26.2
Axes           | 16 19 20 22 25 26 27 | 27.0
Throwing       | 9 10 11 12 14 15 18 22 | 22.7
Dodging        | 16 18 20 21 23 25 27 | 27.0
Armour         | 3 4 9 13 | 13.2

Action                   |  1- 3 |  4- 6 |  7- 9 | 10-12 | 13-15 | 16-18 || total
-------------------------+-------+-------+-------+-------+-------+-------++-------
Melee: Executioner's axe |     1 |       |       |     2 |     2 |     2 ||     7
Dodge: Dodged            |       |       |       |       |     1 |       ||     1
